 Dungeon Crawl Stone Soup version 0.32-a0-485-g70f7560b1c (webtiles) character file.

Game seed: 12633092840559320202

14102 whatisthis the Spear-Bearer (level 12, -3/103 HPs)
             Began as a Merfolk Chaos Knight on Feb 26, 2024.
             Was a Plaything of Xom.
             Slain by a rust devil (4 damage)
             ... summoned by Xom
             ... on level 1 of the Lair of Beasts.
             The game lasted 00:32:59 (11389 turns).

whatisthis the Spear-Bearer (Merfolk Chaos Knight) Turns: 11389, Time: 00:32:59

Health: -3/103     AC:  9    Str: 26      XL:     12   Next: 13%
Magic:  12/12      EV: 15    Int: 11      God:    Xom [......]
Gold:   1397       SH:  4    Dex: 17 (18) Spells: 11/11 levels left

rFire   . . .        M - +2 spear (heavy)
rCold   . . .        i - +0 buckler
rNeg    . . .        E - +0 shadow dragon scales "Dig Tic" {Dex+3 Stlth++++}
rPois   +            (no helmet)
rElec   .            P - scarf {repulsion}
rCorr   .            L - +0 pair of gloves
SInv    .            G - +1 pair of boots {Fly}
Will    .....        H - amulet of the acrobat
Stlth   ++           A - +6 ring of strength
HPRegen 0.37/turn    t - +6 ring of strength
MPRegen 0.13/turn

%: repel missiles, acrobat
@: silenced, corroded, flying
A: (nimble swimmer 2), mertail, claws 1, iridescent scales 1, poison resistance,
weak 1, subdued magic 1
a: Renounce Religion


You were on level 1 of the Lair of Beasts.
You worshipped Xom.
You were a very special plaything of Xom.
You visited 2 branches of the dungeon, and saw 12 of its levels.

You collected 1423 gold pieces.
You spent 26 gold pieces at shops.

Inventory:

Hand Weapons
 a - a +0 spear of chaos
 D - a +0 trident
 M - a +2 heavy spear (weapon)
Missiles
 q - 19 poisoned darts
 u - 5 javelins
 w - 7 atropa-tipped darts
 B - 8 boomerangs
 Q - 3 curare-tipped darts (quivered)
Armour
 b - a +2 leather armour
 i - a +0 buckler (worn)
 x - a +0 cloak
 E - the +0 shadow dragon scales "Dig Tic" (worn) {Dex+3 Stlth++++}
   (You found it on level 5 of the Dungeon)

   Dex+3:     It affects your dexterity (+3).
   Stlth++++: It makes you much more stealthy.
 G - a +1 pair of boots of flying (worn)
 L - a +0 pair of gloves (worn)
 P - a scarf of repulsion (worn)
Jewellery
 n - a ring of poison resistance
 t - a +6 ring of strength (right hand)
 v - a ring of fire
 A - a +6 ring of strength (left hand)
 H - an amulet of the acrobat (around neck)
 O - a ring of protection from cold
 X - a +5 ring of evasion
Wands
 s - a wand of iceblast (6)
 J - a wand of mindburst (3)
 N - a wand of paralysis (6)
 T - a wand of flame (12)
Scrolls
 d - 2 scrolls of enchant armour
 g - a scroll of acquirement {unknown}
 h - 4 scrolls of fog
 l - 4 scrolls of immolation
 m - 2 scrolls of blinking
 p - a scroll of brand weapon {unknown}
 r - 2 scrolls of silence
 y - a scroll of fear {unknown}
 C - a scroll of teleportation {unknown}
 K - a scroll of revelation {unknown}
 R - a scroll of noise {unknown}
 V - 2 scrolls of amnesia {unknown}
 W - a scroll of identify
Potions
 e - 3 potions of might
 f - 3 potions of heal wounds {unknown}
 j - 3 potions of invisibility
 k - 2 potions of resistance {unknown}
 o - 2 potions of curing
 z - 4 potions of brilliance
 F - a potion of magic {unknown}
 I - 2 potions of haste {unknown}
 S - a potion of attraction {unknown}
 U - a potion of mutation {unknown}


   Skills:
 + Level 12.7 Fighting
 + Level 14.8 Polearms
 + Level 2.4 Armour
 - Level 13.9 Dodging


You had 11 spell levels left.
You didn't know any spells.
Your spell library contained the following spells:

 Spells                   Type           Power      Damage    Failure   Level
 Sting                    Conj/Alch      0%         1d3       95%         1
 Mercury Vapours          Alch/Air       0%         N/A       99%         2
 Sublimation of Blood     Necr           0%         N/A       99%         2
 Frozen Ramparts          Ice            0%         1d1       100%        3
 Tukima's Dance           Hex            0%         N/A       100%        3
 Dimensional Bullseye     Hex/Tloc       0%         N/A       100%        4
 Iskenderun's Mystic Bla  Conj/Tloc      0%         2d3       100%        4
 Leda's Liquefaction      Alch/Erth      0%         N/A       100%        4
 Martyr's Knell           Necr/Summ      0%         N/A       100%        4
 Olgreb's Toxic Radiance  Alch           0%         N/A       100%        4
 Petrify                  Alch/Erth      0%         N/A       100%        4
 Irradiate                Conj/Alch      0%         3d11      100%        5
 Metabolic Englaciation   Hex/Ice        0%         N/A       100%        5
 Death's Door             Necr           0%         N/A       100%        9


Dungeon Overview and Level Annotations

Branches:
Dungeon (11/15)            Temple (0/1) D:4            Lair (1/5) D:11
    Orc: D:9-12

Altars:
Elyvilon
Hepliaklqana
Kikubaaqudgha
Okawaru
Trog
Wu Jian
Xom
Zin

Shops:
D:2 !   D:5 ?(   D:6 !?(   D:10 =

Annotations:
D:7 2 transporters, seaofthunder's ghost, novice MDFi
D:11 1 exclusion


Innate Abilities, Weirdness & Mutations

((You are very nimble when in or above water. (Stealth+, EV+, Speed+++)))
Your lower body shifts to a powerful aquatic tail in water.
You have sharp fingernails.
You are partially covered in iridescent scales. (AC +2)
Your system is resistant to poisons. (rPois)
You are weak. (Str -2)
Your spells are a little easier to cast, but a little less powerful.


Message History

* * * LOW HITPOINT WARNING * * *
The rust devil misses you.
The rust devil attacks as it pursues you!
The rust devil misses you.
As you read the scroll of butterflies, it crumbles to dust.
You hear the flapping of tiny wings.
The rust devil is knocked back by the sudden gust.
The rust devil closely misses your butterfly.
Unknown command.
You swap places.
Your butterfly is engulfed in a cloud of scalding steam.
Your butterfly dies!
Your butterfly disappears in a burst of colours!
Blink to where?
Press: ? - help, Dir - move target, f - you, p - rust devil
Okay, then.
As you read the scroll labelled LEFUED LELOWAI, it crumbles to dust.
It was a scroll of blinking.
The rust devil hits your butterfly!
Your butterfly dies!
Your butterfly disappears in a burst of colours!
As you read the scroll labelled KONAIW XIKEUW, it crumbles to dust.
A profound silence engulfs you.
It was a scroll of silence.
You hit the rust devil but do no damage.
The rust devil is lightly wounded.
You block the rust devil's attack.
You hit the rust devil but do no damage.
The rust devil is lightly wounded.
You block the rust devil's attack.
Magic scrolls do not work when you're silenced!
Unknown command.
Aiming: Mindburst
Press: ? - help, Shift-Dir - straight line, f/p - rust devil
Aim: a rust devil (silenced, lightly wounded, summoned, ally target, chance to affect: 29%)
The rust devil's mind is blasted!
The smoke demon gestures at you. Xom smites you!
* * * LOW HITPOINT WARNING * * *
Xom roars with laughter!
The rust devil hits you.
You die...

### ##@# ##4b#
##5### .###
###5## ..#P
##35##
#..###...## ##
##......ยงยง#
##.##.........#
..............#


You could see a rust devil (summoned, ally target), a smoke demon (summoned), a
quasit (summoned), a crimson imp (summoned, unsilenced) and a white imp
(summoned, unsilenced).

Vanquished Creatures
  2 two-headed ogres
  Amaemon (D:8)
  2 black mambas (Lair:1)
  A gargoyle (D:10)
  An orange demon (D:8)
  A kobold demonologist (D:11)
  5 blink frogs
  A wraith (D:10)
  3 vampires
  18 yaks
  A wyvern (D:9)
  3 basilisks (Lair:1)
  A steam dragon (D:9)
  Edmund (D:5)
  7 vampire mosquitoes
  7 water moccasins
  A black bear (D:5)
  5 orc warriors
  2 sky beasts
  2 ogres (D:5)
  8 wolves (Lair:1)
  4 centaurs
  2 phantoms
  4 bullfrogs
  Blork the orc (D:6)
  A kobold brigand (D:6)
  4 scorpions
  4 wights
  A ballistomycete (D:4)
  6 howler monkeys
  3 bombardier beetles
  2 jellies (D:6)
  A hound (D:6)
  2 gnoll boudas
  2 orc priests
  2 sleepcaps
  Natasha (thrice) (D:3)
  An iguana (D:6)
  7 orc wizards
  Robin (D:3)
  12 gnolls
  6 adders
  A river rat (D:3)
  2 shadow imps
  A white imp (D:5)
  2 ufetubi (D:7)
  2 ribbon worms
  A dart slug (D:1)
  41 orcs
  5 ball pythons
  4 bats
  5 endoplasms
  4 giant cockroaches
  18 goblins
  8 hobgoblins
  5 jackals (D:4)
  12 kobolds
  4 quokkas
  3 frilled lizards
  6 rats
266 creatures vanquished.

Vanquished Creatures (collateral kills)
  A yak (D:9)
  A vampire mosquito (D:11)
  An ice beast (D:8)
  A centaur (D:8)
  A phantom (D:4)
  A bullfrog (D:8)
  3 wights (D:8)
  A gnoll bouda (D:8)
  3 gnolls (D:8)
  An orc (D:8)
  An endoplasm (D:2)
  A hobgoblin (D:3)
16 creatures vanquished.

Vanquished Creatures (others)
  A kobold (D:2)
  A ballistomycete spore (D:4)
2 creatures vanquished.

Grand Total: 284 creatures vanquished

Notes
Turn   | Place    | Note
-------+----------+-------------------------------------------
     0 | D:1      | whatisthis the Merfolk Chaos Knight began the quest for the
                  | Orb.
     0 | D:1      | Reached XP level 1. HP: 18/18 MP: 1/1
    22 | D:1      | Found a faded altar of an unknown god.
   107 | D:1      | Reached XP level 2. HP: 23/24 MP: 2/2
   147 | D:1      | XOM: smoke on damage
   156 | D:1      | XOM: divination: magic mapping
   343 | D:1      | XOM: divination: magic mapping
   423 | D:1      | Reached XP level 3. HP: 30/30 MP: 3/3
   623 | D:1      | XOM: silly message
   670 | D:1      | XOM: potion effect (curing)
   764 | D:2      | Found Heyluhut's Distillery.
   860 | D:2      | XOM: divination: magic mapping
   882 | D:2      | XOM: divination: detect creatures
   938 | D:2      | Reached XP level 4. HP: 37/37 MP: 4/4
   959 | D:2      | Reached skill level 5 in Polearms
  1020 | D:2      | XOM: divination: magic mapping
  1141 | D:2      | XOM: silly message
  1492 | D:3      | Noticed Natasha
  1504 | D:3      | Killed Natasha
  1620 | D:3      | XOM: god gift: wand of iceblast (4)
  1650 | D:3      | Noticed Natasha
  1652 | D:3      | Reached XP level 5. HP: 43/43 MP: 5/5
  1659 | D:3      | XOM: cleaving
  1666 | D:3      | Killed Natasha
  1784 | D:3      | Noticed Natasha
  1797 | D:3      | Killed Natasha
  1907 | D:3      | Identified the +1 leather armour of Mumblety Peg {Harm rC+
                  | Regen+}
  2092 | D:3      | XOM: give mutation
  2092 | D:3      | Gained mutation: You have a pair of small horns on your
                  | head. [Xom's grace]
  2255 | D:3      | XOM: confuse monster(s)
  2274 | D:3      | Noticed Robin
  2297 | D:3      | Killed Robin
  2452 | D:3      | Reached skill level 5 in Dodging
  2605 | D:4      | Found a staircase to the Ecumenical Temple.
  2610 | D:4      | Reached XP level 6. HP: 50/50 MP: 6/6
  2626 | D:4      | Reached skill level 5 in Fighting
  2640 | D:4      | Reached skill level 6 in Polearms
  2831 | D:4      | XOM: confuse monster(s)
  2840 | D:4      | XOM: summons 6 friendly demons
  3036 | D:4      | XOM: 6-stop teleportation journey
  3040 | D:4      | Reached XP level 7. HP: 55/56 MP: 7/7
  3307 | D:4      | Got Gloorx Vloq's Atlas of Darkness
  3325 | D:4      | XOM: god gift: +6 ring of strength
  3342 | D:4      | XOM: summons friendly shadow imp
  3484 | D:4      | XOM: polymorph shadow imp -> iron imp
  3622 | D:5      | Entered Level 5 of the Dungeon
  3686 | D:5      | Found Erchoen's Magic Scroll Boutique.
  3725 | D:5      | Reached skill level 7 in Polearms
  3987 | D:5      | Reached XP level 8. HP: 56/65 MP: 8/8
  4109 | D:5      | Noticed Edmund
  4124 | D:5      | Killed Edmund
  4125 | D:5      | Reached skill level 8 in Polearms
  4239 | D:5      | XOM: confuse monster(s)
  4246 | D:5      | Identified the +0 shadow dragon scales "Dig Tic" {Dex+3
                  | Stlth++++}
  4335 | D:5      | XOM: destruction
  4409 | D:5      | Found Ubyz's Weapon Shoppe.
  4694 | D:5      | XOM: enchant monster (good)
  4705 | D:5      | Reached skill level 9 in Polearms
  4726 | D:5      | XOM: god gift: 752 gold pieces
  4728 | D:5      | XOM: give mutations
  4728 | D:5      | Gained mutation: You have sharp fingernails. [Xom's
                  | mischief]
  4728 | D:5      | Gained mutation: You have hidden genetic potential. [Xom's
                  | mischief]
  4728 | D:5      | Gained mutation: You have great hidden genetic potential.
                  | [Xom's mischief]
  4728 | D:5      | Gained mutation: You are weak. (Str -2) [Xom's mischief]
  4738 | D:6      | Noticed Blork the orc
  4751 | D:6      | XOM: smoke on damage
  4758 | D:6      | Killed Blork the orc
  4766 | D:6      | Reached XP level 9. HP: 48/74 MP: 9/9
  4853 | D:6      | Found Boluezur's Magic Scroll Boutique.
  4862 | D:6      | Found Ackailuo's Distillery.
  4863 | D:6      | Bought a scroll of identify for 26 gold pieces
  5127 | D:6      | XOM: 1-stop teleportation journey
  5317 | D:6      | Found Rielun's Weapon Emporium.
  5728 | D:7      | XOM: summons 4 hostile demons
  5734 | D:7      | Reached skill level 10 in Polearms
  5860 | D:7      | Found a transporter.
  5892 | D:7      | Gained mutation: Your spells are a little harder to cast,
                  | but a little more powerful. [hidden potential]
  5921 | D:7      | XOM: give mutations
  5921 | D:7      | Lost mutation: Your spells are a little harder to cast, but
                  | a little more powerful. [Xom's mischief]
  5921 | D:7      | Gained mutation: You are partially covered in iridescent
                  | scales. (AC +2) [Xom's mischief]
  5921 | D:7      | Lost mutation: You have a pair of small horns on your head.
                  | [Xom's mischief]
  5921 | D:7      | Gained mutation: Your spells are a little easier to cast,
                  | but a little less powerful. [Xom's mischief]
  6149 | D:7      | XOM: silly message
  6207 | D:7      | XOM: 3-stop teleportation journey
  6218 | D:7      | XOM: silly message
  6222 | D:7      | Reached skill level 10 in Dodging
  6243 | D:7      | Noticed seaofthunder's ghost (novice MDFi)
  6254 | D:7      | XOM: summons 1 hostile shadow creature
  6279 | D:7      | Found a transporter.
  6697 | D:8      | XOM: god gift: wand of quicksilver (7)
  6831 | D:8      | Reached skill level 11 in Polearms
  6834 | D:8      | Reached XP level 10. HP: 76/83 MP: 10/10
  6836 | D:8      | XOM: 1-stop teleportation journey
  6947 | D:8      | Noticed an orange demon
  6998 | D:8      | XOM: god gift: crooked ivory wand {god gift}
  7091 | D:8      | XOM: god gift: plate armour {god gift}
  7181 | D:8      | Noticed Amaemon
  7183 | D:8      | XOM: divination: magic mapping
  7184 | D:8      | Killed an orange demon
  7188 | D:8      | XOM: divination: detect creatures
  7201 | D:8      | Killed Amaemon
  7202 | D:8      | Reached skill level 10 in Fighting
  7204 | D:8      | Gained mutation: Your system is resistant to poisons.
                  | (rPois) [hidden potential]
  7204 | D:8      | Lost mutation: You have great hidden genetic potential.
                  | [hidden potential expressed]
  7381 | D:9      | XOM: enchant monster (good)
  7533 | D:9      | Reached skill level 12 in Polearms
  7553 | D:9      | XOM: summons 1 friendly demon
  7682 | D:9      | Noticed a two-headed ogre
  7694 | D:9      | Killed a two-headed ogre
  7764 | D:9      | XOM: blink monster(s)
  7812 | D:9      | Reached XP level 11. HP: 86/93 MP: 11/11
  7824 | D:9      | XOM: summons 4 hostile shadow creatures
  7829 | D:9      | XOM: give mutation
  7829 | D:9      | Lost mutation: You have hidden genetic potential. [Xom's
                  | mischief]
  8112 | D:9      | XOM: blink monster(s)
  8410 | D:9      | XOM: noise
  8516 | D:10     | Entered Level 10 of the Dungeon
  8591 | D:10     | Reached skill level 13 in Polearms
  8593 | D:10     | XOM: potion effect (might)
  8615 | D:10     | XOM: noise
  8630 | D:10     | XOM: destruction
  8744 | D:10     | Noticed a two-headed ogre
  8750 | D:10     | XOM: butterfly on damage
  8752 | D:10     | Killed a two-headed ogre
  9065 | D:10     | XOM: 2-stop teleportation journey
  9067 | D:10     | Found Tesytuoh's Jewellery Emporium.
  9168 | D:10     | XOM: summons 4 friendly demons
  9346 | D:10     | Found an ancient bone altar of Kikubaaqudgha.
  9347 | D:10     | XOM: draining
  9349 | D:10     | Found a white marble altar of Elyvilon.
  9355 | D:10     | Found a bloodstained altar of Trog.
  9355 | D:10     | Found a glowing silver altar of Zin.
  9355 | D:10     | Found a hazy altar of Hepliaklqana.
  9356 | D:10     | Found a shimmering altar of Xom.
  9357 | D:10     | Found an iron altar of Okawaru.
  9359 | D:10     | Found an ornate altar of the Wu Jian Council.
  9452 | D:11     | Found a staircase to the Lair.
  9493 | D:11     | XOM: swap monsters
  9495 | D:11     | XOM: summons 11 friendly demons
  9862 | D:11     | Reached skill level 14 in Polearms
 10006 | D:11     | Noticed a red ugly thing
 10050 | D:11     | Noticed an eight-headed hydra
 10075 | Lair:1   | Entered Level 1 of the Lair of Beasts
 10093 | Lair:1   | XOM: enchant monster (good)
 10102 | Lair:1   | XOM: divination: detect items
 10222 | Lair:1   | XOM: confuse monster(s)
 10257 | Lair:1   | XOM: 1-stop teleportation journey
 10258 | Lair:1   | Reached skill level 1 in Armour
 10260 | Lair:1   | XOM: blink monster(s)
 10266 | Lair:1   | XOM: 1-stop teleportation journey
 10319 | Lair:1   | XOM: stat loss: -1 Str (25/26)
 10411 | Lair:1   | XOM: blink monster(s)
 10412 | Lair:1   | XOM: silly message
 10503 | Lair:1   | XOM: cleaving
 10523 | Lair:1   | Reached XP level 12. HP: 85/103 MP: 12/12
 10904 | Lair:1   | XOM: smoke on damage
 11350 | Lair:1   | XOM: torment (53/103 hp)
 11360 | Lair:1   | XOM: summons 7 hostile demons
 11389 | Lair:1   | HP: 1/103 [smoke demon/divine providence[Xom] (15)]
 11389 | Lair:1   | Slain by a rust devil

Illustrated notes

Levels and vault maps discovered:
D:1:      heliophobic_arrival_battle_scene, layout_basic,
          hellmonk_ecumenical_altar_crossroads
D:2:      layout_basic, serial_shops, nicolae_shop_real_fake_doors,
          minmay_surrounded
D:3:      layout_basic, portal_sewer_entry_b, uniq_robin, uniq_natasha
D:4:      layout_basic, minmay_temple_entry_mist
D:5:      nicolae_cairo_tiling_large, layout_basic, serial_shops, shop,
          nicolae_shop_advertising_works [nicolae_subvault_shop_adworks],
          uniq_edmund
D:6:      layout_gridville, serial_shops, nicolae_shop_hallway_stairs,
          nicolae_shop_tiny_waterfront, nicolae_shop_trees, grunt_decor_cap,
          uniq_blork_the_orc
D:7:      layout_basic, gammafunk_ghost_stat_death
D:8:      layout_rooms, serial_corexii_hall, corexii_hall_statues_s,
          corexii_hall_statues_s, uniq_amaemon
D:9:      layout_basic
D:10:     layout_rooms, minitemple, serial_shops, nicolae_shop_gaudy_bauble,
          serial_glass, glass_columns_b, glass_columns_b
D:11:     layout_irregular_city, lair_entry_dummy, uniq_grum
Lair:1:   layout_layer_cave

Skill      XL: |  1  2  3  4  5  6  7  8  9 10 11 12 |
---------------+-------------------------------------+-----
Dodging        | 3 4 5 7 8 10 12 13 | 13.9
Fighting       | 4 5 6 7 9 11 12 | 12.7
Polearms       | 5 6 7 9 11 12 14 | 14.8
Armour         | 1 2 |  2.4

Action                     |  1- 3 |  4- 6 |  7- 9 | 10-12 || total
---------------------------+-------+-------+-------+-------++-------
  Melee: Spear             |   101 |   197 |   448 |   582 ||  1328
         Headbutt          |       |    17 |    67 |       ||    84
         Tailslap          |       |       |     1 |       ||     1
  Throw: Dart              |       |     1 |     1 |    14 ||    16
  Evoke: Wand              |       |     1 |     2 |    18 ||    21
    Use: Scroll            |       |       |     6 |     4 ||    10
   Stab: Sleeping          |     1 |     2 |    10 |     1 ||    14
         Paralysed         |       |     1 |       |       ||     1
         Confused          |       |       |     3 |     3 ||     6
         Petrifying        |       |       |     2 |     2 ||     4
         Distracted        |       |       |       |     3 ||     3
 Armour: Leather armour    |    43 |    87 |    33 |       ||   163
         Shadow dragon sca |       |       |   132 |   221 ||   353
  Dodge: Dodged            |    42 |    90 |   169 |   266 ||   567
         Repelled          |       |       |       |     1 ||     1
  Block: Buckler           |       |       |       |    64 ||    64

Table legend: (Time is in decaauts)
 A = Elapsed time spent in this place.
 B = Non-inter-level travel time spent in this place.
 C = Inter-level travel time spent in this place.
 D = Time resting spent in this place.
 E = Time spent auto-exploring this place.
 F = Levels seen in this place.
 G = Mean time per level.
                   A        B        C        D        E       F      G
               +--------+--------+--------+--------+--------+-----+--------+
         Total |  10945 |  10617 |    328 |   1117 |   6744 |  12 |  912.1 |
       Dungeon |   9833 |   9505 |    328 |    685 |   6399 |  11 |  893.9 |
          Lair |   1112 |   1112 |      0 |    432 |    345 |   1 | 1112.0 |
               +--------+--------+--------+--------+--------+-----+--------+

Top non-repeatable levels by time:
     D:3: 1140 daAuts
     D:7: 1121 daAuts
  Lair:1: 1112 daAuts
     D:5: 1067 daAuts
     D:9: 1048 daAuts
     D:4: 1034 daAuts
    D:10: 898 daAuts
    D:11: 758 daAuts
     D:2: 725 daAuts
     D:6: 725 daAuts
     D:1: 666 daAuts
     D:8: 647 daAuts
